 Dungeon Crawl Stone Soup version 0.25-a0-733-gf7d8cd8a05 (webtiles) character file.

Game seed: 15239659248646097058, levelgen mode: deterministic

4 tilp the Magician (level 1, 0/20 HPs)
             Began as a Gnoll Wanderer on Apr 9, 2020.
             Slain by a hobgoblin (5 damage)
             ... on level 1 of the Dungeon.
             The game lasted 00:01:31 (154 turns).

tilp the Magician (Gnoll Wanderer)                   Turns: 154, Time: 00:01:32

Health: 0/20       AC:  2    Str: 15    XL:     1   Next: 60%
Magic:  6/6        EV: 11    Int: 14    God:
Gold:   0          SH:  0    Dex: 13    Spells: 8/9 levels left

rFire    . . .     SeeInvis .   a - +0 club
rCold    . . .     Gourm    .   (no shield)
rNeg     . . .     Faith    .   d - +0 robe
rPois    .         Spirit   .   (no helmet)
rElec    .         Reflect  .   (no cloak)
rCorr    .         Harm     .   (no gloves)
MR       .....                  (no boots)
Stlth    +.........             (no amulet)
HPRegen  0.06/turn              (no ring)
MPRegen  0.10/turn              (no ring)

@: no status effects
A: distributed training, fangs 1, strong nose
a: no special abilities


You were on level 1 of the Dungeon.
You were not hungry.

You visited 1 branch of the dungeon, and saw 1 of its levels.

Inventory:

Hand Weapons
 a - a +0 club (weapon)
Armour
 d - a +0 robe (worn)
Comestibles
 f - a ration


   Skills:
 + Level 4.4 Fighting
 + Level 0.0 Short Blades
 + Level 0.0 Long Blades
 + Level 0.0 Axes
 + Level 2.3 Maces & Flails
 + Level 0.0 Polearms
 + Level 0.0 Staves
 + Level 0.0 Slings
 + Level 0.0 Bows
 + Level 0.0 Crossbows
 + Level 0.0 Throwing
 + Level 0.0 Armour
 + Level 0.0 Dodging
 + Level 0.0 Stealth
 + Level 4.4 Shields
 + Level 0.0 Unarmed Combat
 + Level 4.8 Spellcasting
 + Level 1.9 Conjurations
 + Level 0.0 Hexes
 + Level 3.6 Charms
 + Level 0.0 Summonings
 + Level 0.0 Necromancy
 + Level 0.0 Translocations
 + Level 0.0 Transmutations
 + Level 0.0 Fire Magic
 + Level 0.0 Ice Magic
 + Level 0.0 Air Magic
 + Level 0.0 Earth Magic
 + Level 0.0 Poison Magic
 + Level 0.1 Invocations
 + Level 0.0 Evocations


You had 8 spell levels left.
You knew the following spells:

 Your Spells              Type           Power        Failure   Level  Hunger
a - Infusion              Chrm           ##..         4%          1    None

Your spell library contained the following spells:

 Spells                   Type           Power        Failure   Level  Hunger
 Song of Slaying          Chrm           ##......     6%          2    ##.....
 Shroud of Golubria       Chrm/Tloc      #.....       13%         2    ##.....
 Swiftness                Chrm/Air       #.......     13%         2    ##.....
 Corpse Rot               Necr/Air       N/A          26%         2    ##.....
 Poisonous Vapours        Pois/Air       #.....       26%         2    ##.....
 Sublimation of Blood     Necr           #.........   26%         2    ##.....
 Ozocubu's Armour         Chrm/Ice       #.......     26%         3    ###....
 Spectral Weapon          Hex/Chrm       #.......     26%         3    ###....


Dungeon Overview and Level Annotations

Branches:
Dungeon (1/15)

Altars:


Innate Abilities, Weirdness & Mutations

Your experience applies equally to all skills.
You have very sharp teeth.
Your uncanny sense of smell can sniff out nearby items.


Message History

A hobgoblin comes into view.
The hobgoblin hits you.
* * * LOW HITPOINT WARNING * * *
You hit the hobgoblin.
You bite the hobgoblin, but do no damage.
The hobgoblin is heavily wounded.
The hobgoblin misses you.
You hit the hobgoblin but do no damage.
The hobgoblin is heavily wounded.
The hobgoblin hits you.
* * * LOW HITPOINT WARNING * * *
The hobgoblin closely misses you.
You barely miss the hobgoblin.
The hobgoblin is heavily wounded.
The hobgoblin hits you.
* * * LOW HITPOINT WARNING * * *
You barely miss the hobgoblin.
The hobgoblin is heavily wounded.
The hobgoblin hits you.
You die...

...#########.....###
.[......w..$.......'
.(.###########.########
..## #..#.........#..#
#.# #.#...........#.#
#.# ##.....#w#.....##
#.# #......#.#......#
#.# #......#.#......#
#.#####....#w#.#@#....#
......#...##.#.#g##...#
##
#####.#.....⌠#.#⌠.....#
..##
#.#..#####.#####..#....#
#.........<...........#
###..#####.#####..#.....
#.....⌠#.#⌠w....#..###
#...##.#.#.##...# .#
#!...#.#.#.#....# #


You could see a hobgoblin.

Vanquished Creatures
  A giant cockroach (D:1)
  A goblin (D:1)
  2 rats (D:1)
4 creatures vanquished.

Notes
Turn   | Place    | Note
-------+----------+-------------------------------------------
     0 | D:1      | tilp the Gnoll Wanderer began the quest for the Orb.
     0 | D:1      | tilp set off with the following items: a +0 club, a +0
                  | robe, a ration; and the following spell memorised:
                  | Infusion; and the following spells available to memorise:
                  | Song of Slaying, Shroud of Golubria, Swiftness, Corpse Rot,
                  | Poisonous Vapours, Sublimation of Blood, Ozocubu's Armour,
                  | Spectral Weapon
     0 | D:1      | Reached XP level 1. HP: 20/20 MP: 6/6
   154 | D:1      | Slain by a hobgoblin

Levels and vault maps discovered:
D:1:      matt_arrival_grand_opening, layout_loops_corners,
          serial_bayou_crossing

Action                   || total
-------------------------++-------
Melee: Club              ||    28
       Bite              ||     4
Armor: Robe              ||     4
Dodge: Dodged            ||    19

Table legend:
 A = Non-vault XP
 B = Vault XP
 C = Vault XP percentage of total XP
 D = Non-vault monster count
 E = Vault monster count
 F = Vault count percentage of total count
                 A         B        C        D         E       F
            +---------+---------+-------+---------+---------+-------
      Total |       6 |       0 |   0.0 |       4 |       0 |   0.0
            +---------+---------+-------+---------+---------+-------
        D:1 |       6 |       0 |   0.0 |       4 |       0 |   0.0
            +---------+---------+-------+---------+---------+-------
